Map: Acolyte LE

Players

DASMAN

  • Race: Terran Terran
  • League: Gold
  • Spawn Location: 1:00

Cuervo - Winner!

  • Race: Zerg Zerg
  • Spawn Location: 7:00

VOD

Have the link to the VOD?

Description

Time

  • Played on: Sept. 22, 2017, 4:26 p.m.
  • Length: 15:59
Show
View Real Time Build Order
Export as new Build Order

DASMAN Terran 

Build Orders: MMM Bio 

Get SALT Encoding   

  12  0:02  SCV  
  13  0:14  SCV  
  13  0:18  Supply Depot  
  14  0:26  SCV  
  14  0:28  Supply Depot  
  15  0:48  Refinery  
  15  0:49  SCV  
  16  0:52  Barracks  
  16  1:01  SCV  
  17  1:14  SCV  
  18  1:26  SCV  
  19  1:39  SCV  
  20  1:41  Reaper  
  21  1:51  Orbital Command  
  21  1:56  Command Center  
  21  2:05  Barracks  
  21  2:15  Supply Depot  
  21  2:21  Barracks Reactor  
  21  2:23  Refinery  
  21  2:36  SCV  
  22  2:48  SCV  
  23  3:11  Orbital Command  
  22  3:15  Barracks Tech Lab  
  22  3:19  Factory  
  22  3:24  Command Center  
  22  4:09  Starport, Factory Tech Lab  
  22  4:10  SCV x2  
  24  4:43  SCV x2  
  26  4:46  Orbital Command, Siege Tank  
  26  4:47  Starport Reactor  
  26  4:48  Marine x3  
  32  5:05  Marine  
  32  5:06  Marine x2  
  35  5:23  Marine x2  
  35  5:24  Marine  
  38  5:29  Stimpack  
  38  5:30  Medivac x2  
  38  5:31  Siege Tank  
  38  5:33  Barracks  
  45  5:37  SCV x3  
  48  5:49  SCV  
  49  5:54  SCV x2  
  51  6:04  Barracks  
  51  6:07  Engineering Bay x2  
  51  6:17  Refinery  
  51  6:18  Refinery  
  51  6:20  Siege Tank  
  51  6:24  Barracks Tech Lab  
  54  6:36  Marine x3  
  58  6:40  SCV x3  
  60  6:50  Terran Infantry Weapons Level 1  
  60  6:51  Terran Infantry Armor Level 1  
  60  6:52  SCV  
  60  6:53  Barracks Tech Lab  
  61  6:57  Supply Depot  
  61  6:58  Supply Depot  
  61  7:01  Liberator  
  61  7:18  Marine, SCV  
  61  7:20  Siege Tank  
  61  7:21  Marine x4  
  73  7:27  Supply Depot  
  73  7:33  Supply Depot  
  73  7:36  Marine  
  74  7:39  Marine x3  
  74  7:40  Supply Depot  
  77  7:46  Combat Shields  
  77  7:47  Concussive Shells  
  77  7:49  SCV x3  
  80  7:52  Siege Tank  
  80  7:56  Sensor Tower  
  83  7:58  Supply Depot  
  83  8:01  SCV  
  83  8:03  Marine x4  
  83  8:04  Marauder  
  90  8:10  Sensor Tower  
  90  8:21  Marauder  
  90  8:26  Viking x2  
  96  8:32  Starport  
  96  8:34  Starport  
  96  8:35  Supply Depot  
  96  8:37  SCV x2  
  96  8:38  SCV  
  99  8:46  Marine x3  
  99  8:47  Marauder x2, Armory  
  106  8:49  SCV x2  
  106  8:50  SCV  
  109  9:01  SCV  
  110  9:04  Marine x2, Marauder  
  110  9:08  Marauder  
  116  9:47  Starport Tech Lab x2  
  116  10:09  Liberator  
  116  10:10  Starport  
  116  10:12  Starport  
  116  10:13  Orbital Command  
  116  10:31  Cloaking Field  
  116  10:33  Hyperflight Rotors, Unknown  
  116  10:49  Missile Turret  
  116  10:50  Missile Turret  
  116  10:51  SCV  
  117  10:58  Supply Depot  
  117  10:59  Command Center, Supply Depot  
  117  11:01  Supply Depot  
  117  11:02  Liberator  
  117  11:03  Supply Depot  
  117  11:19  Marine x2, SCV  
  117  11:20  Marauder, Starport Tech Lab  
  117  11:21  Marine, Starport Tech Lab, SCV x2, Banshee  
  117  11:23  Supply Depot, Banshee  
  134  11:27  Refinery  
  134  11:29  Refinery  
  134  11:33  SCV  
  135  11:45  Missile Turret  
  135  11:46  Missile Turret  
  135  11:47  Terran Infantry Armor Level 2, Terran Infantry Weapons Level 2  
  135  12:16  Medivac x2  
  136  12:35  Unknown  
  132  12:53  Medivac x2  
  132  12:54  Starport  
  132  12:55  Banshee x2  
  142  13:00  Terran Ship Weapons Level 1  
  142  13:02  SCV  
  142  13:03  SCV x2, Armory  
  145  13:10  Missile Turret  
  145  13:14  SCV  
  145  13:16  Unknown  
  84  13:59  Marine  
  84  14:00  Marauder  
  71  14:17  Marine  
  71  14:21  Command Center, Marauder  
  73  14:35  Marine  
  74  14:43  Marauder  
  76  14:53  Marine  
  77  15:02  Command Center  
  77  15:04  Marine  
  78  15:11  Marine, Banshee x2  
  85  15:22  Supply Depot  
Show
View Real Time Build Order
Export as new Build Order

Cuervo Zerg - Winner!

Build Orders: Pool First 

Get SALT Encoding   

  12  0:01  Drone  
  13  0:12  Overlord  
  13  0:17  Drone  
  14  0:30  Drone  
  14  0:31  Drone  
  14  0:34  Drone  
  17  0:46  Spawning Pool  
  16  0:50  Drone  
  17  1:11  Hatchery  
  17  1:14  Drone  
  17  1:17  Extractor  
  16  1:19  Drone  
  17  1:29  Drone  
  18  1:33  Drone  
  18  1:36  Queen  
  21  1:43  Overlord  
  21  1:53  Zergling x2  
  22  2:06  Drone  
  23  2:11  Queen, Zergling x2  
  26  2:22  Metabolic Boost  
  26  2:25  Drone x2  
  26  2:27  Queen  
  30  2:37  Overlord  
  30  2:38  Drone  
  31  2:45  Drone x3  
  34  2:52  Drone  
  35  2:59  Drone x2  
  37  3:07  Roach Warren, Drone  
  37  3:12  Drone  
  38  3:24  Drone x2  
  38  3:26  Overlord  
  40  3:27  Drone  
  40  3:28  Drone x3  
  44  3:56  Drone x2  
  44  3:57  Drone x4  
  44  4:00  Hatchery  
  49  4:05  Extractor  
  49  4:07  Extractor  
  47  4:11  Evolution Chamber  
  47  4:16  Evolution Chamber  
  45  4:18  Drone x7  
  52  4:29  Overlord x4  
  52  4:47  Zerg Missile Weapons Level 1  
  52  4:48  Roach  
  52  4:49  Roach x7  
  68  4:53  Lair  
  68  4:58  Roach x2  
  72  5:11  Roach x2  
  76  5:16  Drone x3  
  76  5:20  Drone  
  80  5:23  Drone  
  80  5:24  Drone  
  82  5:37  Drone x6  
  88  5:45  Overlord x2  
  88  5:51  Glial Reconstitution  
  88  5:59  Infestation Pit  
  88  6:03  Drone  
  88  6:04  Hydralisk Den, Queen, Drone x9  
  96  6:09  Extractor  
  97  6:23  Roach  
  97  6:24  Roach x3  
  105  6:26  Overlord x4  
  105  6:43  Zerg Missile Weapons Level 2  
  105  6:45  Zerg Ground Armor Level 1  
  105  6:48  Hatchery  
  105  6:49  Muscular Augments  
  105  6:51  Hydralisk  
  105  6:52  Hydralisk  
  105  6:54  Overlord x2  
  108  6:55  Roach  
  108  7:01  Drone, Extractor x2  
  108  7:02  Drone x7  
  108  7:04  Drone x2  
  108  7:05  Overlord  
  118  7:21  Overseer  
  118  7:25  Hydralisk x4  
  126  7:39  Overlord x5  
  126  7:40  Overlord x3  
  126  7:48  Drone  
  126  7:49  Drone  
  128  7:53  Roach  
  128  7:54  Roach  
  132  8:13  Drone x3  
  132  8:14  Hydralisk, Extractor  
  132  8:15  Hydralisk x7  
  150  8:29  Roach x4  
  150  8:31  Tunneling Claws  
  150  8:33  Burrow  
  158  8:48  Hydralisk x5  
  158  8:49  Hydralisk x5  
  178  9:07  Hydralisk  
  178  9:08  Hydralisk x4  
  188  9:29  Lurker Den  
  188  9:41  Nydus Network  
  188  9:44  Overlord  
  188  9:45  Pneumatized Carapace  
  187  9:51  Hydralisk  
  187  9:52  Hydralisk x3  
  195  9:55  Hive  
  182  10:37  Spore Crawler  
  181  10:43  Zerg Ground Armor Level 2  
  181  10:46  Hydralisk x9  
  199  11:21  Hatchery  
  199  11:23  Hatchery  
  197  11:48  Zerg Missile Weapons Level 3  
  197  11:50  Hatchery  
  196  11:57  Ultralisk Cavern  
  195  12:11  Extractor  
  194  12:29  Hydralisk  
  192  12:51  Hydralisk  
  192  12:52  Hydralisk x2  
  198  13:00  Zerg Ground Armor Level 3  
  198  13:01  Chitinous Plating  
  186  13:50  Ultralisk x3  
  186  13:51  Roach x3  
  186  13:52  Roach x2  
  178  14:00  Ultralisk  
  178  14:01  Ultralisk x6  
  174  14:24  Ultralisk x4  
  162  14:31  Roach  
  162  14:32  Roach x18  
  162  14:33  Roach  
  180  14:50  Overseer x2  
  180  14:51  Overseer x2, Hydralisk  
  180  14:52  Hydralisk x10  
Tags
 
Composition
MMM Bio
League
Gold
Matchup
TvZ
Opening
Pool First
Spawn Locations
Cross Positions
Add a new tag
Caveats
  • Supply blocks, unpowered buildings, or Contaminate may cause inaccurate times.
  • Supply counts are checked every 10 seconds.